 Dungeon Crawl Stone Soup version 0.28-a0-895-g6e5f11bd55 (webtiles) character file.

Game seed: 4458586859128048904

259 mcbry74 the Skirmisher (level 6, -5/57 HPs)
             Began as a Hill Orc Fighter on Nov 22, 2021.
             Was an Initiate of Okawaru.
             Slain by an ogre (26 damage)
             ... on level 3 of the Dungeon.
             The game lasted 00:10:37 (3532 turns).

mcbry74 the Skirmisher (Hill Orc Fighter)           Turns: 3532, Time: 00:10:38

Health: -5/57      AC:  7    Str: 21    XL:     6   Next: 17%
Magic:  6/6        EV: 11    Int:  8    God:    Okawaru [......]
Gold:   154        SH:  4    Dex: 10    Spells: 5/5 levels left

rFire   . . .      SeeInvis .   t - +4 dagger
rCold   . . .      Faith    .   c - +0 buckler
rNeg    . . .      Spirit   .   w - +3 leather armour
rPois   .          Reflect  .   (no helmet)
rElec   .          Harm     .   (no cloak)
rCorr   .          Rampage  .   l - +0 pair of gloves
Will    .....                   (no boots)
Stlth   +.........              (no amulet)
HPRegen 0.19/turn               (no ring)
MPRegen 0.10/turn               (no ring)

@: no status effects
A: no striking features
a: Renounce Religion


You were on level 3 of the Dungeon.
You worshipped Okawaru.
Okawaru was noncommittal.
You visited 1 branch of the dungeon, and saw 4 of its levels.

You collected 154 gold pieces.

Inventory:

Hand Weapons
 a - a +0 war axe
 f - a +0 mace
 h - a +0 vorpal hunting sling
 t - a +4 dagger (weapon)
Missiles
 j - 8 boomerangs (quivered)
 n - 30 poisoned darts
Armour
 b - a +0 scale mail
 c - a +0 buckler (worn)
 l - a +0 pair of gloves (worn)
 w - a +3 leather armour (worn)
Magical Staves
 q - a staff of conjuration
 v - a staff of cold
Wands
 u - a wand of paralysis (10)
Scrolls
 g - 5 scrolls of identify {unknown}
 i - a scroll of magic mapping {unknown}
 k - a scroll of fear {unknown}
 r - a scroll of brand weapon {unknown}
Potions
 d - a potion of might
 e - 3 potions of curing {unknown}
 m - a potion of heal wounds {unknown}
 o - a potion of haste {unknown}
 p - 2 potions of resistance {unknown}
 s - a potion of berserk rage {unknown}


   Skills:
 + Level 5.9 Fighting
 - Level 2.6 Axes
 * Level 3.9 Throwing
 - Level 3.2 Armour
 - Level 3.2 Shields


You had 5 spell levels left.
You didn't know any spells.
Your spell library was empty.

Dungeon Overview and Level Annotations

Branches:
Dungeon (4/15)
 Temple: D:4-7

Altars:
Ashenzari
Elyvilon
Kikubaaqudgha
Makhleb
Okawaru
Ru
Wu Jian
Yredelemnul

Shops:
D:3 !

Annotations:
D:3 Grinder


Message History

There is a broken altar of Ashenzari here.
There is an iron altar of Okawaru here.
There is a stone staircase leading down here.
You see here a +0 club.
Things that are here:
a +0 leather armour; a +0 club Done exploring.
You see here a +0 club.
There is a stone staircase leading down here.
You climb downwards.
You hear the hiss of flowing sand.
There is an entrance to an ossuary on this level.
Hurry and find it before the portal is buried!
Found an escape hatch in the ceiling.
There is a stone staircase leading up here.
An ogre comes into view. It is wielding a +0 giant club.
The ogre shouts!
You hear a shout!
An ogre comes into view. It is wielding a +0 giant club.
There is a stone staircase leading up here.
The ogre hits you with a +0 giant club!!
You climb upwards.
Level annotation: Grinder
There is a stone staircase leading down here.
You hit the ogre.
The ogre is lightly wounded.
The ogre barely misses you.
You barely miss the ogre.
The ogre is lightly wounded.
The ogre closely misses you.
You puncture the ogre!
The ogre is heavily wounded.
The ogre hits you with a +0 giant club!
You hit the ogre.
The ogre is heavily wounded.
You hit the ogre.
The ogre is severely wounded.
The ogre closely misses you.
You hit the ogre.
The ogre is almost dead.
The ogre hits you with a +0 giant club!!
You die...

....._.....#..#.# ######
..._......(##.#.# #....#
#..........##.#.###.##.#
.._..⌠.._.###....##.##.##########
..............)..##.##...........
..._..._.........##.#############
#...._...........##.....[....####
#...............O###########.##..
#...............@....#...5...##.#
#.....##############.#....#####.#
#.....# #.####.#5.<#.# #.....#
#....#...###.# #.....#
####.#######.# #######
#.#..)....# #.#.####### #.#.#
#...#


You could see an ogre.

Vanquished Creatures
  A jelly (D:3)
  Terence (D:2)
  An orc wizard (D:3)
  Robin (D:2)
  3 gnolls (D:3)
  2 adders
  An adder skeleton (D:3)
  16 orcs (D:3)
  6 ball pythons
  5 endoplasms
  A giant cockroach (D:1)
  14 goblins
  11 hobgoblins
  2 kobolds
  2 quokkas (D:3)
  10 bats
  3 frilled lizards
  20 rats (D:3)
100 creatures vanquished.

Notes
Turn   | Place    | Note
-------+----------+-------------------------------------------
     0 | D:1      | mcbry74 the Hill Orc Fighter began the quest for the Orb.
     0 | D:1      | Reached XP level 1. HP: 19/19 MP: 1/1
   210 | D:1      | Reached skill level 4 in Fighting
   284 | D:1      | Reached XP level 2. HP: 27/27 MP: 2/2
  1106 | D:2      | Noticed Terence
  1122 | D:2      | Killed Terence
  1123 | D:2      | Reached skill level 1 in Throwing
  1123 | D:2      | Reached XP level 3. HP: 14/35 MP: 3/3
  1490 | D:2      | Reached skill level 5 in Fighting
  1490 | D:2      | Reached XP level 4. HP: 37/42 MP: 4/4
  1500 | D:2      | Noticed Robin
  1539 | D:2      | Killed Robin
  2032 | D:3      | Found a burning altar of Makhleb.
  2033 | D:3      | Found an ornate altar of the Wu Jian Council.
  2035 | D:3      | Found an iron altar of Okawaru.
  2035 | D:3      | Found a white marble altar of Elyvilon.
  2036 | D:3      | Noticed Grinder
  2104 | D:3      | Paralysed by Grinder for 2 turns
  2282 | D:3      | Reached XP level 5. HP: 48/48 MP: 5/5
  2402 | D:3      | Found Fiajuso's Distillery.
  2978 | D:3      | Found a sacrificial altar of Ru.
  3095 | D:3      | Found a basalt altar of Yredelemnul.
  3130 | D:3      | Reached XP level 6. HP: 30/57 MP: 6/6
  3280 | D:3      | Found an ancient bone altar of Kikubaaqudgha.
  3281 | D:3      | Found a broken altar of Ashenzari.
  3286 | D:3      | Became a worshipper of Makhleb the Destroyer
  3374 | D:3      | Fell from the grace of Makhleb
  3374 | D:3      | Became a worshipper of Warmaster Okawaru
  3532 | D:3      | Slain by an ogre

Illustrated notes

Levels and vault maps discovered:
D:1:      psy_arrival_dodecagon, layout_loops_corners, minmay_unequal
D:2:      layout_rooms, minmay_circle_x, uniq_robin, uniq_terence
D:3:      layout_basic, pf_just_have_faith, grunt_temple_overflow_open,
          serial_shops, nicolae_shop_competitors_out_of_business,
          minmay_rat_hole, uniq_grinder
D:4:      minmay_door_path, layout_cave_pools, mainiacjoe_overflow_tiny_flanked,
          nemelex_dance_club_becter, enter_ossuary_1

Skill      XL: |  1  2  3  4  5 |
---------------+----------------+-----
Fighting       | 4 5 |  5.9
Throwing       | 1 2 3 |  3.9
Axes           | |  2.6
Armour         | |  3.2
Shields        | |  3.2

Action                   |  1- 3 |  4- 6 || total
-------------------------+-------+-------++-------
Melee: War axe           |    73 |    64 ||   137
       Dagger            |       |   145 ||   145
Throw: Boomerang         |    10 |    19 ||    29
Armor: Scale mail        |    33 |    93 ||   126
       Leather armour    |       |    22 ||    22
Dodge: Dodged            |    43 |    97 ||   140
Block: Buckler           |    12 |    45 ||    57

Table legend: (Time is in decaauts)
 A = Elapsed time spent in this place.
 B = Non-inter-level travel time spent in this place.
 C = Inter-level travel time spent in this place.
 D = Time resting spent in this place.
 E = Time spent auto-exploring this place.
 F = Levels seen in this place.
 G = Mean time per level.
                   A        B        C        D        E       F      G
               +--------+--------+--------+--------+--------+-----+--------+
         Total |   3592 |   3486 |    106 |    817 |   1851 |   4 |  898.0 |
       Dungeon |   3592 |   3486 |    106 |    817 |   1851 |   4 |  898.0 |
               +--------+--------+--------+--------+--------+-----+--------+

Top non-repeatable levels by time:
     D:3: 1593 daAuts
     D:1: 1104 daAuts
     D:2: 881 daAuts
     D:4: 12 daAuts
